AoeStats
← iM 我要打十个

Arena

504248405Analyzed
4v4 RM · 28d ago on Sep 4, 2026· 30m 8s· 8 players
Game mode
Random Map
Map size
Large (8 player)
Population
200
Speed
Normal
Resources
Standard
Victory
Conquest
Starting age
Dark Age
Ending age
Imperial Age
RankedLock teamsTeams togetherTeam positionsShared explorationLock speedFull tech treeHidden civsTurbo modeCheats
Victory
Defeat
🇹🇼 Japanese · Taiwan
1315
+9
🇵🇪 Teutons · Peru
1142
+16
🇹🇼 Cumans · Taiwan
1095
+19
🇧🇷 Vikings · Brazil
1095
+18
🇺🇸 Bohemians · United States
1177
-17
🇨🇳 Khmer · China
1151
-16
🇨🇳 Burgundians · China
1143
-15
🇹🇼 Ethiopians · Taiwan
1110
-14
Akatsukireiha
0:29 Loom
10:48 Wheelbarrow
12:01 Feudal Age
11:05 Double-Bit Axe
12:33 Gold Mining
12:37 Stone Mining
14:03 Town Watch
15:58 Hand Cart
19:33 Castle Age
17:50 Bow Saw
17:45 Horse Collar
Toadvine
7:17 Loom
9:36 Feudal Age
10:03 Horse Collar
10:10 Double-Bit Axe
17:15 Castle Age
18:23 Bow Saw
18:18 Heavy Plow
19:49 Chemistry
iM 我要打十个
1:22 Loom
4:54 Loom
10:54 Feudal Age
14:19 Castle Age
12:06 Double-Bit Axe
12:05 Horse Collar
15:20 Bow Saw
15:14 Heavy Plow
19:55 Loom
21:11 Bloodlines
22:37 Husbandry
32:21 Imperial Age
Jason
7:57 Loom
10:45 Feudal Age
11:45 Double-Bit Axe
HaweN
10:32 Feudal Age
15:48 Castle Age
13:42 Double-Bit Axe
14:51 Horse Collar
19:47 Gold Mining
19:27 Pikeman
23:43 Loom
26:19 Fletching
27:19 Stone Mining
Thanatos
5:45 Loom
8:53 Feudal Age
15:52 Double-Bit Axe
22:40 Castle Age
21:33 Gold Mining
21:34 Stone Mining
21:26 Horse Collar
23:31 Bow Saw
23:23 Heavy Plow
25:01 Wheelbarrow
28:39 Scale Mail Armor
28:50 Forging
30:05 Hand Cart
apple58112327
1:13 Loom
11:35 Feudal Age
12:21 Double-Bit Axe
13:14 Horse Collar
15:00 Gold Mining
16:29 Wheelbarrow
22:14 Castle Age
22:24 Capped Ram
23:35 Hand Cart
28:40 Imperial Age
29:57 Siege Ram
hc_chu
11:31 Feudal Age
15:56 Castle Age
14:16 Loom
14:35 Double-Bit Axe
15:20 Stone Mining
15:15 Horse Collar
18:52 Bow Saw
21:49 Gold Mining
22:26 Scale Mail Armor
22:36 Forging
25:34 Gold Shaft Mining
26:47 Wheelbarrow
26:51 Forging
28:16 Heavy Plow
28:34 Chain Mail Armor
Connection lost

Rejoining the realm…

Still unreachable

The connection could not be restored.

Session expired

The server has moved on; the page needs a fresh start.